 Dungeon Crawl Stone Soup version 0.30-a0-964-gd452b5e7fa (webtiles) character file.

Game seed: 13973027586370888207

480 funkygono the Chopper (level 6, 0/55 HPs)
             Began as a Minotaur Fighter on Mar 30, 2023.
             Slain by a troll (4 damage)
             ... on level 5 of the Dungeon.
             The game lasted 00:07:03 (3030 turns).

funkygono the Chopper (Minotaur Fighter)            Turns: 3030, Time: 00:07:03

Health: 0/55       AC: 13    Str: 26    XL:     6   Next: 86%
Magic:  5/5        EV:  8    Int:  5    God:
Gold:   150        SH:  4    Dex: 10    Spells: 5/5 levels left

rFire   . . .      SeeInvis +    b - +3 hand axe "Ucumuen" {heavy, Drain Fly Str+4 SInv}
rCold   + . .      Faith    .    c - +0 buckler
rNeg    . . .      Spirit   .    j - +0 chain mail
rPois   .          Reflect  .    (helmet restricted)
rElec   .          Rampage  .    w - +0 cloak
rCorr   .                        (no gloves)
Will    .....                    y - +1 pair of boots "Boule" {rC+} Stlth
                                 i - amulet of the acrobat
HPRegen 0.29/turn                (no ring)
MPRegen 0.09/turn                (no ring)

@: flying
A: horns 2, retaliatory headbutt
a: no special abilities


You were on level 5 of the Dungeon.
You visited 1 branch of the dungeon, and saw 5 of its levels.

You collected 150 gold pieces.

Inventory:

Hand Weapons
 a - a +0 war axe
 b - the +3 hand axe "Ucumuen" (weapon) {heavy, Drain Fly Str+4 SInv}
   (You found it on level 2 of the Dungeon)

   Str:       It affects your strength (+4).
   SInv:      It lets you see invisible.
   Fly:       It grants you flight.
   Drain:     It drains your maximum health when unequipped.
Missiles
 n - 2 throwing nets (quivered)
 o - 7 boomerangs
Armour
 c - a +0 buckler (worn)
 j - a +0 chain mail (worn)
 w - a +0 cloak (worn)
 y - the +1 pair of boots "Boule" (worn) {rC+}
   (You found it on level 4 of the Dungeon)

   rC:        It protects you from cold.
Jewellery
 i - an amulet of the acrobat (around neck)
 x - a ring of ice
Scrolls
 h - 6 scrolls of identify {unknown}
 m - 3 scrolls of teleportation {unknown}
 q - a scroll of enchant armour {unknown}
 s - a scroll of silence {unknown}
 z - a scroll of vulnerability {unknown}
Potions
 d - 2 potions of might
 e - a potion of flight {unknown}
 f - 2 potions of heal wounds {unknown}
 g - 2 potions of berserk rage {unknown}
 k - a potion of ambrosia {unknown}
 l - a potion of attraction {unknown}
 p - a potion of haste {unknown}
 r - a potion of mutation {unknown}
 t - a potion of cancellation {unknown}
 u - a potion of invisibility {unknown}
 v - a potion of degeneration {unknown}


   Skills:
 + Level 4.8 Fighting
 + Level 6.1 Axes
 + Level 5.8 Armour
 + Level 1.0 Dodging
 + Level 0.5 Stealth
 + Level 4.5 Shields


You had 5 spell levels left.
You didn't know any spells.
Your spell library contained the following spells:

 Spells                   Type           Power      Damage    Failure   Level
 Apportation              Tloc           0%         N/A       99%         1
 Magic Dart               Conj           0%         1d3       99%         1
 Searing Ray              Conj           0%         2d4       99%         2
 Static Discharge         Conj/Air       0%         2-2/arc   99%         2
 Vhi's Electric Charge    Tloc/Air       0%         N/A       100%        3
 Fulminant Prism          Conj/Hex       0%         3d5       100%        4
 Alistair's Intoxication  Tmut/Pois      0%         N/A       100%        5
 Arcjolt                  Conj/Air       0%         1d10      100%        5
 Plasma Beam              Fire/Air       0%         2x1d7     100%        5


Dungeon Overview and Level Annotations

Branches:
Dungeon (5/15)
 Temple: D:4-7

Altars:

Annotations:
D:3 1 transporter, stickyfingers's ghost, weakling MeMo


Innate Abilities, Weirdness & Mutations

You have a pair of horns on your head.
You reflexively headbutt those who attack you in melee.


Message History

The jackal bites you but does no damage. x2
You closely miss the jackal.
The jackal bites you but does no damage. x3
You barely miss the jackal.
The jackal bites you but does no damage. x2
You miss the jackal.
The jackal bites you but does no damage.
The jackal barely misses you.
You hit the jackal.
You kill the jackal!
The jackal misses you.
The jackal bites you but does no damage.
You hit the jackal. Your headbutt misses the jackal.
The jackal is heavily wounded.
The jackal closely misses you. You furiously retaliate!
You headbutt the jackal!
You kill the jackal!
Things that are here:
a jackal corpse; a jackal corpse; an adder corpse A troll comes into view.
You hit the troll.
The troll is lightly wounded.
You block the troll's attack. The troll claws you but does no damage.
The troll claws you. The troll bites you! The troll claws you. x2
You barely miss the troll. The troll bites you.
The troll claws you but does no damage. The troll closely misses you.
You hit the troll. You headbutt the troll!
The troll is moderately wounded.
The troll bites you. The troll claws you! x2
* * * LOW HITPOINT WARNING * * *
The troll barely misses you. x2; You block the troll's attack.
You slash the troll! Your headbutt misses the troll.
The troll is severely wounded.
The troll barely misses you. The troll claws you.
* * * LOW HITPOINT WARNING * * *
The troll claws you but does no damage.
You closely miss the troll.
The troll is severely wounded.
The troll bites you but does no damage. The troll claws you.
You die...

#.#.......# #.#.....# #.
.. #.##.####.#. .#
#.##......#. .#
#.##..#####.#### .#
#.##..#... ....# .#
#.##..#.####.#.# .#
#.##.........#.##.##.#.#
#.###.#.####....@T......
#># #†#......#..........
#.###.#.#.########......
......#.#......# ####.#
..#####.#.####.# # ..#
#.### ..# #.. ..# ###
#.#


You could see a troll.

Vanquished Creatures
  A black bear (D:4)
  An ogre (D:4)
  A sleepcap (D:5)
  An iguana (D:4)
  An orc wizard (D:4)
  9 gnolls
  4 adders
  2 white imps
  An ufetubus (D:5)
  2 worms
  2 dart slugs (D:1)
  2 orcs (D:4)
  10 ball pythons
  5 bats
  5 endoplasms
  5 giant cockroaches
  4 goblins
  6 hobgoblins
  4 jackals (D:5)
  A quokka (D:3)
  2 frilled lizards
  9 kobolds
  6 rats
84 creatures vanquished.

Notes
Turn   | Place    | Note
-------+----------+-------------------------------------------
     0 | D:1      | funkygono the Minotaur Fighter began the quest for the Orb.
     0 | D:1      | Reached XP level 1. HP: 19/19 MP: 0/0
    71 | D:1      | Reached XP level 2. HP: 27/27 MP: 1/1
   476 | D:1      | Reached skill level 3 in Axes
   476 | D:1      | Reached XP level 3. HP: 30/33 MP: 2/2
  1153 | D:2      | Identified the +3 hand axe "Ucumuen" {heavy, Drain Fly
                  | Str+4 SInv}
  1285 | D:2      | Reached XP level 4. HP: 39/40 MP: 3/3
  1817 | D:3      | Reached skill level 4 in Axes
  2039 | D:3      | Found a transporter.
  2040 | D:3      | Noticed an ogre
  2040 | D:3      | Noticed stickyfingers's ghost (weakling MeMo)
  2040 | D:3      | Noticed an ogre
  2217 | D:4      | Reached XP level 5. HP: 36/47 MP: 4/4
  2270 | D:4      | Reached skill level 5 in Axes
  2270 | D:4      | Reached skill level 5 in Armour
  2298 | D:4      | Noticed an ogre
  2324 | D:4      | Killed an ogre
  2325 | D:4      | Reached XP level 6. HP: 18/53 MP: 5/5
  2560 | D:4      | Reached skill level 6 in Axes
  2560 | D:4      | Reached skill level 1 in Dodging
  2798 | D:4      | Identified the +1 pair of boots "Boule" {rC+}
  2913 | D:5      | Entered Level 5 of the Dungeon
  3022 | D:5      | Noticed a troll
  3030 | D:5      | Slain by a troll

Illustrated notes

Levels and vault maps discovered:
D:1:      dpeg_arrival_tiny_g, layout_loops_cross
D:2:      layout_basic
D:3:      layout_rooms, gammafunk_ghost_smash, minmay_quantized
D:4:      layout_cave_pools
D:5:      layout_basic, minmay_fire_ice_demons, uniq_eustachio

Skill      XL: |  1  2  3  4  5  6 |
---------------+-------------------+-----
Fighting       | 4 |  4.8
Armour         | 4 5 |  5.8
Axes           | 3 4 5 6 |  6.1
Shields        | 4 |  4.5
Dodging        | 1 |  1.0
Stealth        | |  0.5

Action                     |  1- 3 |  4- 6 || total
---------------------------+-------+-------++-------
  Melee: War axe           |    89 |       ||    89
         Headbutt          |    10 |     8 ||    18
         Hand axe          |       |    79 ||    79
 Armour: Scale mail        |    28 |       ||    28
         Chain mail        |       |    58 ||    58
  Dodge: Dodged            |    41 |    50 ||    91
  Block: Buckler           |    17 |    19 ||    36

Table legend: (Time is in decaauts)
 A = Elapsed time spent in this place.
 B = Non-inter-level travel time spent in this place.
 C = Inter-level travel time spent in this place.
 D = Time resting spent in this place.
 E = Time spent auto-exploring this place.
 F = Levels seen in this place.
 G = Mean time per level.
                   A        B        C        D        E       F      G
               +--------+--------+--------+--------+--------+-----+--------+
         Total |   3111 |   2960 |    151 |      0 |   2335 |   5 |  622.2 |
       Dungeon |   3111 |   2960 |    151 |      0 |   2335 |   5 |  622.2 |
               +--------+--------+--------+--------+--------+-----+--------+

Top non-repeatable levels by time:
     D:2: 968 daAuts
     D:1: 803 daAuts
     D:4: 716 daAuts
     D:3: 491 daAuts
     D:5: 131 daAuts
